 Dungeon Sprint DCSS version 0.28.0 (webtiles) character file.

Game seed: 3842923564347706962

1347 rocky1 the Blocker (level 8, -15/82 HPs)
             Began as a Minotaur Fighter on Feb 12, 2022.
             Was a Believer of Okawaru.
             Demolished by Snorg (16 damage)
             ... in the Dungeon (Sprint III: "The Ten Rune Challenge").
             The game lasted 00:04:39 (1490 turns).

rocky1 the Blocker (Minotaur Fighter)               Turns: 1490, Time: 00:04:40

Health: -15/82     AC:  7    Str: 24    XL:     8   Next: 36%
Magic:  7/7        EV: 10    Int:  5    God:    Okawaru [**....]
Gold:   21         SH:  7    Dex:  9    Spells: 7/7 levels left

rFire   . . .      SeeInvis .   a - +0 trident
rCold   . . .      Faith    .   c - +0 buckler
rNeg    . . .      Spirit   .   b - +0 scale mail
rPois   +          Reflect  .   (helmet restricted)
rElec   +          Harm     .   (no cloak)
rCorr   .          Rampage  .   (no gloves)
Will    .....      NoTele   +   (no boots)
Stlth   ..........              (no amulet)
HPRegen 0.23/turn               l - ring of poison resistance
MPRegen 0.10/turn               (no ring)

@: no status effects
A: horns 2, retaliatory headbutt, hooves 1, electricity resistance, MP-powered
wands
a: Renounce Religion, Heroism


You were in the Dungeon.
You worshipped Okawaru.
Okawaru was pleased with you.
You visited 1 branch You collected 21 gold pieces.

Inventory:

Hand Weapons
 a - a +0 trident (weapon)
 d - a +1 long sword of holy wrath
Armour
 b - a +0 scale mail (worn)
 c - a +0 buckler (worn)
Jewellery
 l - a ring of poison resistance (left hand)
Scrolls
 j - a scroll of blinking
 n - a scroll of holy word
 p - a scroll of torment
 q - a scroll of immolation {unknown}
Potions
 e - 2 potions of curing
 f - a potion of heal wounds
 g - a potion of haste
 h - 2 potions of magic
 i - a potion of berserk rage
 k - 4 potions of flight
 m - 2 potions of mutation


   Skills:
 + Level 11.0 Fighting
 + Level 13.8 Polearms
 + Level 4.0 Armour
 + Level 1.2 Dodging
 + Level 14.0 Shields
 + Level 1.1 Invocations


You had 7 spell levels left.
You didn't know any spells.
Your spell library contained the following spells:

 Spells                   Type           Power      Damage    Failure   Level
 Static Discharge         Conj/Air       0%         N/A       92%         2
 Petrify                  Tmut/Erth      0%         N/A       100%        4
 Lightning Bolt           Conj/Air       0%         1d11      100%        5
 Metabolic Englaciation   Hex/Ice        0%         N/A       100%        5
 Statue Form              Tmut/Erth      0%         N/A       100%        6
 Maxwell's Capacitive Co  Air            0%         ∞         100%        8


Dungeon Overview and Level Annotations

Branches:
Dungeon (1/1)

Altars:
Cheibriados
Dithmenos
Elyvilon
Fedhas
Gozag
Hepliaklqana
Kikubaaqudgha
Makhleb
Nemelex Xobeh
Okawaru
Qazlal
Ru
Sif Muna
Trog
Uskayaw
Vehumet
Wu Jian
Xom
Yredelemnul
Zin
The Shining One
Beogh
Jiyva
Lugonu

Annotations:
D Snorg


Innate Abilities, Weirdness & Mutations

You have a pair of horns on your head.
You reflexively headbutt those who attack you in melee.
You have large cloven feet.
You are resistant to electric shocks. (rElec)
You expend magic power (3 MP) to strengthen your wands.


Message History

As you read the scroll of identify, it crumbles to dust.
p - a scroll of torment Unknown command.
You start resting.
HP restored.
You open the door.
There is an open door here.
You enter the shallow water.
Moving in this stuff is going to be slow.
Snorg the Insatiable comes into view.
Snorg shouts!
You puncture Snorg! Your kick misses Snorg.
Snorg is lightly wounded.
Snorg closely misses you. You furiously retaliate!
You headbutt Snorg! Snorg claws you! Snorg claws you.
Your unstable footing causes you to fumble your attack.
You hit Snorg. You kick Snorg. You headbutt Snorg, but do no damage.
Snorg is moderately wounded.
Snorg bites you! Snorg barely misses you. Snorg claws you.
You puncture Snorg! You kick Snorg! You headbutt Snorg.
Snorg is heavily wounded.
Snorg bites you but does no damage. Snorg closely misses you.
Snorg completely misses you.
You puncture Snorg! You kick Snorg.
Snorg is severely wounded.
Snorg goes berserk!
You puncture Snorg!
Snorg is almost dead.
You puncture Snorg! Your kick misses Snorg.
Snorg is almost dead.
You block Snorg's attack. Snorg claws you! Snorg claws you!!
* * * LOW HITPOINT WARNING * * *
You are too injured to fight recklessly!
You are too injured to fight recklessly!
You completely miss Snorg. You headbutt Snorg.
Snorg is almost dead.
Snorg barely misses you. Snorg claws you!!
* * * LOW HITPOINT WARNING * * *
Snorg claws you!
You die...

♣.############
♣♣.#___#___#__#
..#...#__.#._#
♣.###'#)###)##
♣♣.#..........#
...'.⌠........#
.♣.#...######'#
...#.⌠.#__#...#+#####
...#...#__#...#.@≈§§+
...#)###__#...#.#T§§#
...#...#__#...'.#§§§#
...#___#__'}..#.#.§§#
▓▓▓▓▓▓▓▓▓▓▓▓▓▓▓▓▓▓▓▓▓


You could see Snorg (berserk).

Vanquished Creatures
  A deep elf pyromancer (D)
  A shadow (D)
  A spatial vortex (D)
  A necrophage (D)
  A scorpion (D)
  A water elemental (D)
  A jelly (D)
  A wizard (D)
  Jessica (D)
  A necromancer (D)
  3 humans (D)
  A kobold demonologist (D)
  3 rats (D)
17 creatures vanquished.

Notes
Turn   | Place    | Note
-------+----------+-------------------------------------------
     0 | D        | rocky1 the Minotaur Fighter began the quest for the Orb.
     0 | D        | Reached XP level 1. HP: 19/19 MP: 0/0
     9 | D        | Reached skill level 4 in Shields
    66 | D        | Noticed Jessica
    70 | D        | Killed Jessica
    71 | D        | Reached skill level 5 in Polearms
    71 | D        | Reached skill level 6 in Shields
    71 | D        | Reached XP level 2. HP: 19/26 MP: 1/1
   176 | D        | Reached XP level 3. HP: 20/31 MP: 2/2
   283 | D        | Noticed a scorpion
   297 | D        | Killed a scorpion
   298 | D        | Reached skill level 8 in Shields
   298 | D        | Reached XP level 4. HP: 10/39 MP: 3/3
   702 | D        | Gained mutation: You expend magic power (3 MP) to
                  | strengthen your wands. [potion of mutation]
   702 | D        | Gained mutation: You have hidden genetic potential. [potion
                  | of mutation]
   720 | D        | Noticed a water elemental
   724 | D        | Killed a water elemental
   725 | D        | Reached skill level 9 in Shields
   725 | D        | Reached XP level 5. HP: 24/45 MP: 4/4
   732 | D        | Found a hide-covered altar of Uskayaw.
   732 | D        | Found an iron altar of Okawaru.
   732 | D        | Found a bloodstained altar of Trog.
   732 | D        | Found an ornate altar of the Wu Jian Council.
   732 | D        | Noticed a human
   733 | D        | Noticed a human
   737 | D        | Killed a human
   738 | D        | Reached skill level 10 in Polearms
   738 | D        | Reached skill level 10 in Shields
   738 | D        | Reached XP level 6. HP: 18/57 MP: 5/5
   741 | D        | Killed a human
   742 | D        | Reached skill level 11 in Shields
   746 | D        | Became a worshipper of Warmaster Okawaru
   749 | D        | Gained mutation: You have large cloven feet. [hidden
                  | potential]
   754 | D        | Found a basalt altar of Yredelemnul.
   754 | D        | Found a shadowy altar of Dithmenos.
   754 | D        | Found a sacrificial altar of Ru.
   759 | D        | Reached skill level 12 in Shields
   759 | D        | Reached XP level 7. HP: 22/69 MP: 6/6
   778 | D        | Found a radiant altar of Vehumet.
   778 | D        | Found a shimmering blue altar of Sif Muna.
   778 | D        | Found an ancient bone altar of Kikubaaqudgha.
   781 | D        | Noticed a neqoxec
   788 | D        | Noticed a smoke demon
  1219 | D        | Found a glowing silver altar of Zin.
  1219 | D        | Found a glowing golden altar of the Shining One.
  1219 | D        | Found a white marble altar of Elyvilon.
  1220 | D        | Noticed a deep elf pyromancer
  1224 | D        | Noticed a fire elemental
  1224 | D        | Noticed a fire elemental
  1226 | D        | Noticed a fire elemental
  1226 | D        | Noticed a fire elemental
  1229 | D        | Killed a deep elf pyromancer
  1229 | D        | Reached * piety under Okawaru
  1230 | D        | Reached skill level 10 in Fighting
  1230 | D        | Reached skill level 13 in Shields
  1230 | D        | Reached XP level 8. HP: 49/80 MP: 7/7
  1255 | D        | Gained mutation: You are resistant to electric shocks.
                  | (rElec) [hidden potential]
  1255 | D        | Lost mutation: You have hidden genetic potential. [hidden
                  | potential expressed]
  1380 | D        | Reached ** piety under Okawaru
  1408 | D        | Found a blossoming altar of Fedhas.
  1408 | D        | Found a stormy altar of Qazlal.
  1408 | D        | Found a snail-covered altar of Cheibriados.
  1408 | D        | Found a burning altar of Makhleb.
  1408 | D        | Found a shimmering altar of Xom.
  1409 | D        | Found a hazy altar of Hepliaklqana.
  1409 | D        | Found an opulent altar of Gozag.
  1409 | D        | Found a sparkling altar of Nemelex Xobeh.
  1409 | D        | Found a corrupted altar of Lugonu.
  1409 | D        | Found a viscous altar of Jiyva.
  1421 | D        | Reached skill level 1 in Dodging
  1421 | D        | Reached skill level 14 in Shields
  1421 | D        | Reached skill level 1 in Invocations
  1481 | D        | Noticed Snorg
  1490 | D        | HP: 1/82 [Snorg (18)]
  1490 | D        | Demolished by Snorg

Illustrated notes

Levels and vault maps discovered:
D:        dungeon_sprint_mu [sprint_mu_entry_forest, sprint_mu_temple_rooms,
          sprint_mu_d1_horrors, sprint_mu_d2_genie, sprint_mu_d3_branching,
          sprint_mu_orc_legion, sprint_mu_elf_gauntlet, sprint_mu_hive_nellie,
          sprint_mu_lair_fedhas, sprint_mu_vaults_butterflies,
          sprint_mu_slime_circle, sprint_mu_shoals_archi,
          sprint_mu_snake_twists, sprint_mu_blade_basic,
          sprint_mu_crypt_fortress, sprint_mu_tomb_spiral,
          sprint_mu_vestibule_basic, sprint_mu_gehenna_hellfire,
          sprint_mu_dis_giant, sprint_mu_tartarus_statrot,
          sprint_mu_cocytus_islands, sprint_mu_zot1]

Skill      XL: |  1  2  3  4  5  6  7  8 |
---------------+-------------------------+-----
Polearms       | 5 6 8 9 10 11 13 | 13.8
Shields        | 6 8 9 10 12 13 14 | 14.0
Fighting       | 6 8 10 11 | 11.0
Armour         | 4 |  4.0
Dodging        | 1 |  1.2
Invocations    | 1 |  1.1

Action                   |  1- 3 |  4- 6 |  7- 9 || total
-------------------------+-------+-------+-------++-------
Melee: Trident           |    33 |    16 |    44 ||    93
       Headbutt          |     4 |     1 |     9 ||    14
       Kick              |       |     1 |    14 ||    15
  Use: Potion            |       |     2 |     2 ||     4
       Scroll            |       |       |     2 ||     2
Armor: Scale mail        |     9 |     1 |    11 ||    21
Dodge: Dodged            |    10 |     1 |    14 ||    25
Block: Buckler           |     5 |     1 |     9 ||    15
